 Dungeon Crawl Stone Soup version 0.23-a0-396-g5214e5f (webtiles) character file.

399 galech the Skirmisher (level 6, -1/49 HPs)
             Began as a Demonspawn Fighter on Nov 2, 2018.
             Was an Initiate of Okawaru.
             Shot with an arrow by a centaur (10 damage)
             ... on level 5 of the Dungeon.
             The game lasted 00:04:51 (3176 turns).

galech the Skirmisher (Demonspawn Fighter)          Turns: 3176, Time: 00:04:52

Health: -1/49      AC:  6    Str: 16    XL:     6   Next: 54%
Magic:  6/6        EV:  7    Int:  9    God:    Okawaru [......]
Gold:   243        SH:  9    Dex: 15    Spells: 5/5 levels left

rFire    . . .     SeeInvis .     - Unarmed
rCold    . . .     Gourm    .   c - +0 shield
rNeg     . . .     Faith    .   b - +0 scale mail
rPois    .         Spirit   .   (no helmet)
rElec    .         Reflect  .   (no cloak)
rCorr    .         Harm     .   (gloves unavailable)
MR       .....                  (no boots)
Stlth    ..........             (no amulet)
HPRegen  0.16/turn              (no ring)
MPRegen  0.10/turn              (no ring)

@: no status effects
A: claws 3, demonic guardian 1, spiny 1
a: Renounce Religion


You were on level 5 of the Dungeon.
You worshipped Okawaru.
Okawaru was noncommittal.
You were not hungry.

You visited 2 branches of the dungeon, and saw 6 of its levels.

You collected 243 gold pieces.

Inventory:

Hand Weapons
 a - a +0 war axe
Armour
 b - a +0 scale mail (worn)
 c - a +0 shield (worn)
 v - a +0 cloak
Scrolls
 h - 2 scrolls of magic mapping {unknown}
 i - 2 scrolls of remove curse {unknown}
 j - 5 scrolls of identify {unknown}
 m - a scroll of immolation {unknown}
 o - a scroll of teleportation {unknown}
 p - a scroll of amnesia {unknown}
 q - a scroll of fog {unknown}
 r - a scroll of noise {unknown}
 t - a scroll of blinking {unknown}
Potions
 d - 2 potions of might
 e - a potion of curing
 k - 2 potions of heal wounds {unknown}
 l - a potion of lignification {unknown}
 n - 2 potions of mutation {unknown}
 s - a potion of agility {unknown}
 u - 2 potions of cancellation {unknown}
Comestibles
 f - 8 rations
 g - 2 chunks of flesh


   Skills:
 + Level 4.4 Fighting
 - Level 2.6 Axes
 - Level 3.2 Armour
 - Level 0.5 Dodging
 - Level 0.1 Stealth
 - Level 3.2 Shields
 * Level 4.0 Unarmed Combat


You had 5 spell levels left.
You didn't know any spells.
Your spell library contained the following spells:

 Spells                   Type           Power        Failure   Level  Hunger
 Beastly Appendage        Tmut           #.....       100%        1    ##.....
 Sticks to Snakes         Tmut           #.......     100%        2    ###....
 Spider Form              Tmut/Pois      #.........   100%        3    ####...
 Ice Form                 Ice/Tmut       #.......     100%        4    #####..
 Blade Hands              Tmut           #.........   100%        5    ######.


Dungeon Overview and Level Annotations

Branches:
Dungeon (5/15)             Temple (1/1) D:4

Altars:
Cheibriados
Dithmenos
Kikubaaqudgha
Okawaru
Ru
Trog

Shops:
D:4 %


Innate Abilities, Weirdness & Mutations

You have claws for hands.
A weak demonic guardian rushes to your aid.
You are partially covered in sharp spines.


Message History

The hound bites you but does no damage.
A crimson imp comes into view.
The centaur shoots an arrow.
The arrow hits you!
The crimson imp shouts!
You are too injured to fight recklessly!
You are too injured to fight recklessly!
You are too injured to fight recklessly!
You are too injured to fight recklessly!
You scratch the hound but do no damage.
The hound is heavily wounded.
The hound is struck by your spines. The hound closely misses you.
The centaur shoots an arrow.
The arrow hits you!
* * * LOW HITPOINT WARNING * * *
An orc comes into view. It is wielding a +0 flail.
You block the hound's attack.
You swap places.
A two-headed ogre comes into view.
It is wielding a +0 dire flail and a +0 The two-headed ogre shouts in stereo!
The centaur shoots an arrow.
The arrow hits you!
You die...

..... .#.......# .....
...... ##......###..)
...... ##............
...... #..........#..#
......###........###.##
#......<......#....O..##
###.#..........#5$......
#............#h####...
##............@5#
#.......o.........l....
#..........######.......
...........# .c.....
...#.......# .......
..##.......# ....... ..
##....... .......
##.###... ....... ..
...#


You could see a two-headed ogre, a centaur, an iguana, a hound, a shadow imp, an
orc and a friendly white imp.

Vanquished Creatures
  Sigmund (D:3)
  A howler monkey (D:5)
  An orc wizard (D:4)
  2 worker ants
  6 adders
  2 oozes
  2 worms
  3 dart slugs
  3 orcs (D:4)
  4 bats
  9 giant cockroaches
  10 goblins
  6 hobgoblins
  A quokka (D:4)
  A ball python (D:1)
  3 frilled lizards
  11 kobolds
  8 rats
74 creatures vanquished.

Vanquished Creatures (collateral kills)
  An orc (D:4)
1 creature vanquished.

Grand Total: 75 creatures vanquished

Notes
Turn   | Place    | Note
-------+----------+-------------------------------------------
     0 | D:1      | galech the Demonspawn Fighter began the quest for the Orb.
     0 | D:1      | Reached XP level 1. HP: 18/18 MP: 1/1
   157 | D:1      | Gained mutation: You have sharp fingernails. [demonic
                  | ancestry]
   157 | D:1      | Reached XP level 2. HP: 21/24 MP: 2/2
   875 | D:2      | Gained mutation: You have very sharp fingernails. [demonic
                  | ancestry]
   875 | D:2      | Reached XP level 3. HP: 29/29 MP: 3/3
  1195 | D:2      | Found a bloodstained altar of Trog.
  1505 | D:3      | Gained mutation: You are partially covered in sharp spines.
                  | [demonic ancestry]
  1505 | D:3      | Reached XP level 4. HP: 34/35 MP: 4/4
  1543 | D:3      | Noticed Sigmund
  1578 | D:2      | HP: 1/35 [poisoned by a kobold]
  1905 | D:3      | Killed Sigmund
  1905 | D:3      | Gained mutation: You have claws for hands. [demonic
                  | ancestry]
  1905 | D:3      | Reached XP level 5. HP: 34/42 MP: 5/5
  2343 | D:3      | Found a snail-covered altar of Cheibriados.
  2607 | D:4      | Gained mutation: A weak demonic guardian rushes to your
                  | aid. [demonic ancestry]
  2607 | D:4      | Reached XP level 6. HP: 46/48 MP: 6/6
  2685 | D:4      | Found a staircase to the Ecumenical Temple.
  2850 | Temple   | Entered the Ecumenical Temple
  2863 | Temple   | Became a worshipper of Warmaster Okawaru
  3030 | D:4      | Found Vutaut's Food Shop.
  3116 | D:5      | Entered Level 5 of the Dungeon
  3176 | D:5      | Noticed a two-headed ogre
  3176 | D:5      | Shot with an arrow by a centaur

Vault maps used:
D:1:      kennysheep_arrival_seaside, st_stairs_14, minmay_misc_feat_pillars,
          kennysheep_boxes
D:2:      bloody_trog
D:3:      cheibriados_altar_1, uniq_sigmund
D:4:      minmay_temple_entry_enclosed_plants, first_ration, serial_shops,
          kennysheep_mini, amethyst_killhole
D:5:      grunt_temple_overflow_open, minmay_ruined_shrine
Temple:   regret_index_temple_sphere_string

Skill      XL: |  1  2  3  4  5  6 |
---------------+-------------------+-----
Armour         | 3 |  3.2
Axes           | 2 |  2.6
Shields        | 3 |  3.2
Unarmed Combat | 2 3 4 |  4.0
Fighting       | 4 |  4.4
Dodging        | |  0.5
Stealth        | |  0.1

Action                   |  1- 3 |  4- 6 || total
-------------------------+-------+-------++-------
Melee: War axe           |   155 |       ||   155
       Unarmed           |    10 |    86 ||    96
  Use: Potion            |       |     2 ||     2
  Eat: Chunk             |     2 |     6 ||     8
Armor: Scale mail        |    92 |    18 ||   110
Dodge: Dodged            |    55 |    22 ||    77
Block: Shield            |   106 |    33 ||   139

Table legend:
 A = Non-vault XP
 B = Vault XP
 C = Vault XP percentage of total XP
 D = Non-vault monster count
 E = Vault monster count
 F = Vault count percentage of total count
                 A         B        C        D         E       F
            +---------+---------+-------+---------+---------+-------
      Total |     359 |     212 |  37.1 |      74 |       1 |   1.3
            +---------+---------+-------+---------+---------+-------
        D:1 |      40 |       0 |   0.0 |      25 |       0 |   0.0
        D:2 |      43 |       0 |   0.0 |      14 |       0 |   0.0
        D:3 |      75 |     212 |  73.9 |      20 |       1 |   4.8
        D:4 |      92 |       0 |   0.0 |       9 |       0 |   0.0
        D:5 |     109 |       0 |   0.0 |       6 |       0 |   0.0
            +---------+---------+-------+---------+---------+-------
